2766 views
Uploaded 2020-12-23 16:35:53
Game version 1.32.9
27:35 long 2on2 ladder game on (6)GnollWood
Saved by koz
2766 views
Uploaded 2020-12-23 16:35:53
Game version 1.32.9
27:35 long 2on2 ladder game on (6)GnollWood


68 units @ 11.8k
/ 1.8k
38 buildings @ 6.1k
/ 2.5k



| Healing Salve | 5 | 500 |
| Scroll of Speed | 3 | 150 |
| Lesser Clarity Potion | 3 | 210 |
| Orb of Lightning | 1 | 375 |
| Scroll of Town Portal | 5 | 1750 |
| Scroll of Healing | 2 | 500 |
| Circlet of Nobility | 1 | 175 |
| Potion of Lesser Invulnerability | 1 | 150 |
| total: | 21 | 3810g |
| Peon | 13 | 975 | / | 0 |
| Grunt | 8 | 1600 | / | 0 |
| Raider | 7 | 1260 | / | 280 |
| Spirit Walker | 4 | 780 | / | 140 |
| Kodo Beast | 2 | 510 | / | 120 |
| Tauren | 7 | 1960 | / | 560 |
| total: | 41 | 7085g | / | 1100w |
| Watch Tower | 8 | 880 | / | 640 |
| Altar of Storms | 1 | 180 | / | 50 |
| Orc Burrow | 9 | 1440 | / | 360 |
| Barracks | 1 | 180 | / | 50 |
| Voodoo Lounge | 2 | 260 | / | 60 |
| War Mill | 1 | 205 | / | 0 |
| Great Hall | 2 | 770 | / | 370 |
| Beastiary | 1 | 145 | / | 140 |
| Tauren Totem | 1 | 135 | / | 155 |
| Stronghold | 1 | 315 | / | 190 |
| Fortress | 1 | 325 | / | 190 |
| total: | 26 | 4195g | / | 1825w |
| 0:06 | Peon |
| 0:09 | Altar of Storms |
| 0:22 | Orc Burrow |
| 0:26 | Peon |
| 0:33 | Peon |
| 0:43 | Barracks |
| 0:47 | Peon |
| 0:58 | Peon |
| 1:14 | Peon |
| 1:32 | Voodoo Lounge |
| 1:33 | Peon |
| 1:48 | Grunt |
| 2:01 | Peon |
| 2:09 | Wind Walk |
| 2:14 | Peon |
| 2:47 | Stronghold |
| 2:52 | Orc Burrow |
| 3:24 | Circlet of Nobility |
| 3:43 | Grunt |
| 4:01 | Grunt |
| 4:06 | Healing Salve |
| 4:07 | Scroll of Speed |
| 4:41 | Orc Burrow |
| 5:08 | Lesser Clarity Potion |
| 5:41 | Beastiary |
| 5:56 | Critical Strike |
| 6:05 | Orc Burrow |
| 6:17 | Tauren Totem |
| 6:37 | Healing Wave |
| 6:51 | Raider |
| 7:35 | Raider |
| 7:36 | Spirit Walker |
| 7:48 | Grunt |
| 8:09 | Spirit Walker Adept Training |
| 8:22 | Scroll of Speed |
| 8:22 | Lesser Clarity Potion |
| 8:29 | War Mill |
| 8:55 | Raider |
| 9:23 | Ensnare |
| 9:33 | Spirit Walker |
| 9:36 | Orc Burrow |
| 9:51 | Lesser Clarity Potion |
| 9:54 | Healing Salve |
| 10:25 | Watch Tower |
| 10:31 | Kodo Beast |
| 11:32 | Fortress |
| 11:36 | Orc Burrow |
| 11:38 | Watch Tower |
| 11:41 | Grunt |
| 11:42 | Berserker Strength |
| 11:46 | Reinforced Defenses |
| 12:33 | Raider |
| 13:05 | Wind Walk |
| 13:14 | Scroll of Town Portal |
| 13:20 | Orc Burrow |
| 13:28 | Hex |
| 13:35 | Orc Burrow |
| 14:07 | Grunt |
| 14:07 | Raider |
| 14:08 | Spirit Walker |
| 14:26 | Grunt |
| 14:26 | Raider |
| 14:53 | Tauren |
| 15:38 | Tauren |
| 16:11 | War Drums Damage Increase |
| 16:13 | Pulverize |
| 16:29 | Voodoo Lounge |
| 17:00 | Great Hall |
| 17:51 | Pillage |
| 17:57 | Steel Armor |
| 18:21 | Scroll of Town Portal |
| 18:22 | Scroll of Healing |
| 19:02 | Kodo Beast |
| 19:17 | Troll Regeneration |
| 19:18 | Orc Burrow |
| 19:28 | Healing Salve |
| 19:38 | Healing Salve |
| 19:47 | Peon |
| 19:47 | Peon |
| 19:47 | Peon |
| 20:22 | Scroll of Town Portal |
| 20:57 | Tauren |
| 21:17 | Healing Wave |
| 21:21 | Peon |
| 21:36 | Tauren |
| 21:58 | Spirit Walker Master Training |
| 21:59 | Raider |
| 22:08 | Watch Tower |
| 22:15 | Healing Salve |
| 22:19 | Scroll of Speed |
| 22:41 | Tauren |
| 22:46 | Spirit Walker |
| 23:03 | Orb of Lightning |
| 23:14 | Endurance Aura |
| 23:20 | Grunt |
| 23:37 | Watch Tower |
| 23:42 | Scroll of Healing |
| 23:54 | Potion of Lesser Invulnerability |
| 24:20 | Tauren |
| 24:42 | Scroll of Town Portal |
| 25:02 | Tauren |
| 25:56 | Critical Strike |
| 26:14 | War Stomp |
| 26:44 | Watch Tower |
| 26:45 | Watch Tower |
| 26:46 | Watch Tower |
| 26:46 | Watch Tower |
| 26:50 | Great Hall |
| 27:10 | Scroll of Town Portal |
| Select group | 1580 |
| Right click | 1220 |
| Select | 999 |
| Misc. action | 480 |
| Build/train/purchase | 134 |
| Use ability | 102 |
| Assign group | 61 |
| Chat | 47 |
| Minimap ping | 6 |
| Item give/drop | 4 |
| Esc | 3 |
| Remove unit | 1 |



| Rod of Necromancy | 3 | 450 |
| Potion of Mana | 4 | 800 |
| Orb of Corruption | 1 | 375 |
| Potion of Healing | 1 | 150 |
| Scroll of Town Portal | 4 | 1400 |
| Scroll of Healing | 2 | 500 |
| Potion of Lesser Invulnerability | 1 | 150 |
| total: | 16 | 3825g |
| Acolyte | 4 | 300 | / | 0 |
| Ghoul | 3 | 360 | / | 0 |
| Crypt Fiend | 12 | 2580 | / | 480 |
| Obsidian Statue | 6 | 1200 | / | 210 |
| Necromancer | 2 | 290 | / | 40 |
| total: | 27 | 4730g | / | 730w |
| Nerubian Tower | 2 | 200 | / | 40 |
| Spirit Tower | 7 | 1015 | / | 280 |
| Ziggurat | 6 | 900 | / | 300 |
| Altar of Darkness | 1 | 180 | / | 50 |
| Crypt | 1 | 200 | / | 50 |
| Tomb of Relics | 1 | 130 | / | 30 |
| Graveyard | 1 | 215 | / | 0 |
| Slaughterhouse | 1 | 140 | / | 135 |
| Temple of the Damned | 1 | 155 | / | 140 |
| Halls of the Dead | 2 | 640 | / | 420 |
| Black Citadel | 2 | 650 | / | 460 |
| total: | 12 | 1920g | / | 705w |
| 0:02 | Acolyte |
| 0:02 | Acolyte |
| 0:04 | Ziggurat |
| 0:06 | Altar of Darkness |
| 0:34 | Crypt |
| 0:40 | Acolyte |
| 0:40 | Acolyte |
| 0:57 | Tomb of Relics |
| 1:15 | Graveyard |
| 1:35 | Ghoul |
| 1:35 | Ghoul |
| 1:41 | Ghoul |
| 1:57 | Backpack |
| 2:05 | Rod of Necromancy |
| 2:09 | Death Coil |
| 2:46 | Halls of the Dead |
| 2:56 | Crypt Fiend |
| 3:11 | Ziggurat |
| 3:34 | Rod of Necromancy |
| 4:02 | Crypt Fiend |
| 4:02 | Crypt Fiend |
| 4:04 | Crypt Fiend |
| 4:11 | Unholy Aura |
| 5:16 | Black Citadel |
| 5:39 | Slaughterhouse |
| 6:03 | Ziggurat |
| 6:05 | Frost Nova |
| 6:06 | Rod of Necromancy |
| 6:29 | Nerubian Tower |
| 6:31 | Death Coil |
| 6:45 | Burrow |
| 6:56 | Obsidian Statue |
| 7:43 | Crypt Fiend |
| 7:47 | Scroll of Town Portal |
| 7:49 | Potion of Mana |
| 9:05 | Crypt Fiend |
| 9:07 | Ziggurat |
| 9:10 | Temple of the Damned |
| 10:04 | Crypt Fiend |
| 10:14 | Obsidian Statue |
| 10:16 | Silence |
| 11:05 | Orb of Corruption |
| 11:30 | Scroll of Town Portal |
| 11:48 | Necromancer Adept Training |
| 11:50 | Potion of Mana |
| 12:21 | Creature Carapace |
| 12:21 | Creature Attack |
| 12:21 | Improved Creature Carapace |
| 12:21 | Improved Creature Attack |
| 12:22 | Destroyer Form |
| 12:56 | Necromancer |
| 13:01 | Potion of Mana |
| 13:53 | Frost Armor |
| 14:34 | Black Arrow |
| 14:44 | Crypt Fiend |
| 14:44 | Crypt Fiend |
| 14:44 | Crypt Fiend |
| 14:45 | Obsidian Statue |
| 14:45 | Obsidian Statue |
| 14:48 | Unholy Aura |
| 15:18 | Advanced Creature Carapace |
| 15:19 | Advanced Creature Attack |
| 15:21 | Frost Nova |
| 15:27 | Critical Strike |
| 15:59 | Ziggurat |
| 16:48 | Scroll of Town Portal |
| 16:51 | Scroll of Healing |
| 16:52 | Potion of Lesser Invulnerability |
| 19:31 | Crypt Fiend |
| 19:32 | Obsidian Statue |
| 20:34 | Scroll of Town Portal |
| 20:55 | Necromancer |
| 21:16 | Potion of Mana |
| 22:12 | Scroll of Healing |
| 22:34 | Crypt Fiend |
| 23:44 | Ziggurat |
| 24:31 | Spirit Tower |
| 24:34 | Spirit Tower |
| 24:49 | Obsidian Statue |
| 24:51 | Frost Armor |
| 24:52 | Spirit Tower |
| 24:53 | Spirit Tower |
| 24:59 | Potion of Healing |
| 25:31 | Death Coil |
| 26:01 | Black Arrow |
| Select group | 5623 |
| Right click | 1782 |
| Select | 994 |
| Chat | 374 |
| Build/train/purchase | 318 |
| Use ability | 160 |
| Misc. action | 133 |
| Assign group | 76 |
| Minimap ping | 32 |
| Resource trade | 10 |
| Item give/drop | 7 |
| Esc | 2 |
98 units @ 16.9k
/ 2.3k
45 buildings @ 6k
/ 2.5k


| Lesser Clarity Potion | 2 | 140 |
| Scroll of Regeneration | 1 | 100 |
| Scroll of Town Portal | 1 | 350 |
| Healing Salve | 1 | 100 |
| Scroll of Speed | 1 | 50 |
| total: | 6 | 740g |
| Peasant | 8 | 600 | / | 0 |
| Footman | 2 | 270 | / | 0 |
| Rifleman | 24 | 4920 | / | 720 |
| Priest | 13 | 1755 | / | 130 |
| Spell Breaker | 3 | 645 | / | 90 |
| total: | 50 | 8190g | / | 940w |
| Scout Tower | 6 | 180 | / | 120 |
| Arcane Tower | 1 | 70 | / | 50 |
| Altar of Kings | 1 | 180 | / | 50 |
| Barracks | 1 | 160 | / | 60 |
| Farm | 11 | 880 | / | 220 |
| Blacksmith | 1 | 140 | / | 60 |
| Lumber Mill | 1 | 120 | / | 0 |
| Arcane Vault | 1 | 130 | / | 30 |
| Town Hall | 2 | 770 | / | 410 |
| Arcane Sanctum | 1 | 150 | / | 140 |
| Keep | 1 | 320 | / | 210 |
| Castle | 1 | 360 | / | 210 |
| total: | 25 | 2710g | / | 1090w |
| 0:01 | Peasant |
| 0:02 | Peasant |
| 0:02 | Peasant |
| 0:11 | Altar of Kings |
| 0:23 | Barracks |
| 0:32 | Farm |
| 0:43 | Peasant |
| 0:47 | Peasant |
| 0:59 | Farm |
| 1:07 | Peasant |
| 1:28 | Footman |
| 1:28 | Footman |
| 1:38 | Farm |
| 1:46 | Scout Tower |
| 2:05 | Blacksmith |
| 2:21 | Arcane Tower |
| 2:30 | Lumber Mill |
| 2:40 | Storm Bolt |
| 3:10 | Farm |
| 3:14 | Farm |
| 3:41 | Rifleman |
| 3:58 | Rifleman |
| 3:59 | Rifleman |
| 4:01 | Farm |
| 4:35 | Rifleman |
| 4:43 | Arcane Vault |
| 4:45 | Peasant |
| 4:47 | Peasant |
| 4:51 | Farm |
| 4:58 | Healing Salve |
| 5:03 | Scroll of Speed |
| 5:20 | Keep |
| 5:33 | Rifleman |
| 5:57 | Rifleman |
| 6:46 | Rifleman |
| 6:47 | Rifleman |
| 6:49 | Farm |
| 7:30 | Bash |
| 7:59 | Improved Lumber Harvesting |
| 8:02 | Arcane Sanctum |
| 9:11 | Black Gunpowder |
| 9:12 | Rifleman |
| 9:12 | Rifleman |
| 9:27 | Holy Light |
| 10:06 | Priest |
| 10:06 | Priest |
| 10:17 | Priest Adept Training |
| 10:20 | Long Rifles |
| 10:21 | Rifleman |
| 10:21 | Rifleman |
| 11:46 | Priest |
| 11:46 | Priest |
| 11:48 | Rifleman |
| 11:48 | Rifleman |
| 11:48 | Rifleman |
| 12:01 | Farm |
| 12:02 | Farm |
| 12:06 | Refined Gunpowder |
| 13:12 | Storm Bolt |
| 13:27 | Studded Leather Armor |
| 13:30 | Farm |
| 14:45 | Priest |
| 14:45 | Priest |
| 15:20 | Priest |
| 15:45 | Reinforced Leather Armor |
| 16:07 | Rifleman |
| 16:07 | Rifleman |
| 16:07 | Rifleman |
| 16:09 | Castle |
| 16:41 | Priest |
| 17:13 | Lesser Clarity Potion |
| 17:16 | Lesser Clarity Potion |
| 17:24 | Rifleman |
| 17:52 | Rifleman |
| 18:03 | Scroll of Town Portal |
| 19:04 | Bash |
| 19:17 | Priest Master Training |
| 19:19 | Rifleman |
| 19:44 | Rifleman |
| 19:58 | Imbued Gunpowder |
| 20:20 | Divine Shield |
| 21:01 | Priest |
| 21:02 | Priest |
| 21:03 | Spell Breaker |
| 21:03 | Spell Breaker |
| 21:44 | Priest |
| 22:10 | Rifleman |
| 22:11 | Rifleman |
| 22:40 | Spell Breaker |
| 22:49 | Advanced Lumber Harvesting |
| 23:12 | Holy Light |
| 23:32 | Town Hall |
| 24:32 | Storm Bolt |
| 24:38 | Dragonhide Armor |
| 24:51 | Scout Tower |
| 24:51 | Scout Tower |
| 24:52 | Scout Tower |
| 24:53 | Scout Tower |
| 24:53 | Scout Tower |
| 26:18 | Devotion Aura |
| 26:39 | Town Hall |
| 26:53 | Priest |
| 26:53 | Priest |
| 27:00 | Scroll of Regeneration |
| Right click | 2062 |
| Select group | 862 |
| Select | 699 |
| Build/train/purchase | 89 |
| Use ability | 44 |
| Assign group | 42 |
| Misc. action | 8 |
| Minimap ping | 5 |
| Item give/drop | 1 |


| Healing Salve | 4 | 400 |
| Lesser Clarity Potion | 4 | 280 |
| Scroll of Speed | 2 | 100 |
| Scroll of Town Portal | 1 | 350 |
| Scroll of Protection | 1 | 150 |
| total: | 12 | 1280g |
| Peon | 12 | 900 | / | 0 |
| Grunt | 9 | 1800 | / | 0 |
| Raider | 7 | 1260 | / | 280 |
| Spirit Walker | 9 | 1755 | / | 315 |
| Tauren | 8 | 2240 | / | 640 |
| Kodo Beast | 2 | 510 | / | 120 |
| Forest Troll Shadow Priest | 1 | 195 | / | 10 |
| total: | 48 | 8660g | / | 1365w |
| Watch Tower | 2 | 220 | / | 160 |
| Altar of Storms | 2 | 360 | / | 100 |
| Orc Burrow | 8 | 1280 | / | 320 |
| Barracks | 1 | 180 | / | 50 |
| Voodoo Lounge | 1 | 130 | / | 30 |
| War Mill | 1 | 205 | / | 0 |
| Great Hall | 1 | 385 | / | 185 |
| Beastiary | 1 | 145 | / | 140 |
| Tauren Totem | 3 | 405 | / | 465 |
| Stronghold | 1 | 315 | / | 190 |
| Fortress | 1 | 325 | / | 190 |
| total: | 20 | 3310g | / | 1450w |
| 0:02 | Peon |
| 0:06 | Altar of Storms |
| 0:15 | Peon |
| 0:18 | Orc Burrow |
| 0:31 | Peon |
| 0:41 | Peon |
| 0:47 | Barracks |
| 0:58 | Peon |
| 1:05 | Voodoo Lounge |
| 1:22 | Peon |
| 1:35 | Peon |
| 1:45 | Orc Burrow |
| 1:54 | Grunt |
| 2:07 | War Stomp |
| 2:34 | Peon |
| 2:37 | Grunt |
| 2:53 | Stronghold |
| 3:13 | Grunt |
| 3:30 | Healing Salve |
| 3:30 | Lesser Clarity Potion |
| 3:53 | Grunt |
| 4:20 | War Mill |
| 4:49 | Endurance Aura |
| 4:53 | Orc Burrow |
| 5:14 | Healing Salve |
| 5:14 | Lesser Clarity Potion |
| 5:34 | Beastiary |
| 5:40 | Tauren Totem |
| 6:03 | Grunt |
| 6:18 | Tauren Totem |
| 6:37 | Raider |
| 6:47 | Orc Burrow |
| 7:04 | Healing Wave |
| 7:53 | Ensnare |
| 7:54 | Raider |
| 7:56 | Spirit Walker |
| 7:57 | Spirit Walker Adept Training |
| 8:29 | Great Hall |
| 9:31 | Healing Salve |
| 9:38 | Lesser Clarity Potion |
| 9:38 | Healing Salve |
| 9:39 | Scroll of Speed |
| 9:50 | Spirit Walker |
| 9:52 | Raider |
| 10:03 | Fortress |
| 11:05 | War Stomp |
| 11:37 | Peon |
| 11:37 | Peon |
| 11:37 | Peon |
| 11:37 | Peon |
| 11:39 | Raider |
| 11:39 | Spirit Walker |
| 11:41 | Grunt |
| 11:41 | Grunt |
| 11:51 | Hex |
| 12:06 | Orc Burrow |
| 12:08 | Reinforced Defenses |
| 12:30 | Watch Tower |
| 12:31 | Watch Tower |
| 13:02 | Tauren Totem |
| 13:04 | Tauren |
| 13:32 | Tauren |
| 14:50 | Raider |
| 14:51 | Grunt |
| 14:51 | Grunt |
| 14:52 | Tauren |
| 15:22 | Spirit Walker |
| 15:39 | Spirit Walker |
| 15:42 | Spirit Walker |
| 15:49 | Orc Burrow |
| 16:15 | Spirit Walker Master Training |
| 16:17 | Pulverize |
| 16:18 | Tauren |
| 17:08 | Lesser Clarity Potion |
| 17:08 | Scroll of Speed |
| 17:09 | Scroll of Town Portal |
| 17:11 | Healing Wave |
| 18:02 | Tauren |
| 18:02 | Spirit Walker |
| 18:05 | Kodo Beast |
| 18:28 | Scroll of Protection |
| 19:24 | Altar of Storms |
| 19:26 | Raider |
| 19:27 | Tauren |
| 19:40 | Steel Melee Weapons |
| 19:40 | Steel Armor |
| 19:58 | Hex |
| 20:01 | Forest Troll Shadow Priest |
| 20:49 | Orc Burrow |
| 21:22 | Orc Burrow |
| 22:45 | Thorium Armor |
| 22:45 | Thorium Melee Weapons |
| 23:25 | Kodo Beast |
| 23:25 | War Drums Damage Increase |
| 25:10 | Spirit Walker |
| 25:10 | Spirit Walker |
| 26:01 | Raider |
| 26:06 | Healing Wave |
| 26:45 | Tauren |
| 27:17 | Tauren |
| Right click | 1860 |
| Select | 604 |
| Select group | 216 |
| Build/train/purchase | 122 |
| Use ability | 57 |
| Assign group | 31 |
| Minimap ping | 9 |